 Dungeon Crawl Stone Soup version 0.28-a0-1184-g53156a8862 (console) character file.

Game seed: 2658460869599353692

161 Goblin1989 the Sneak (level 5, 0/41 HPs)
             Began as a Demonspawn Delver on Dec 17, 2021.
             Was a Believer of Uskayaw.
             Slain by a phantom (4 damage)
             ... on level 4 of the Dungeon.
             The game lasted 00:04:41 (1234 turns).

Goblin1989 the Sneak (Demonspawn Delver)            Turns: 1234, Time: 00:04:41

Health: 0/41       AC:  4    Str: 15    XL:     5   Next: 19%
Magic:  5/5        EV: 11    Int: 11    God:    Uskayaw [**....]
Gold:   18         SH:  4    Dex: 14    Spells: 4/4 levels left

rFire   . . .      SeeInvis .   a - +0 short sword
rCold   . . .      Faith    .   (no shield)
rNeg    . . .      Spirit   .   b - +0 leather armour
rPois   .          Reflect  .   (no helmet)
rElec   .          Harm     .   (no cloak)
rCorr   .          Rampage  .   (no gloves)
Will    .....                   (no boots)
Stlth   +++.......              (no amulet)
HPRegen 0.13/turn               (no ring)
MPRegen 0.09/turn               (no ring)

@: hasted, very quick
A: foul stench 1, sharp scales 1, condensation shield
a: Renounce Religion, Stomp, Line Pass


You were on level 4 of the Dungeon.
You worshipped Uskayaw.
Uskayaw was noncommittal.
You visited 2 branches of the dungeon, and saw 3 of its levels.

You collected 18 gold pieces.

Inventory:

Hand Weapons
 a - a +0 short sword (weapon)
Armour
 b - a +0 leather armour (worn)
 N - a +2 helmet
Wands
 g - a wand of digging (3) {@v1}
Scrolls
 c - a scroll of fog
 e - a scroll of fear
 M - a scroll of magic mapping


   Skills:
 - Level 3.0 Fighting
 * Level 4.1 Short Blades
 - Level 1.7 Dodging
 + Level 5.4 Stealth


You had 4 spell levels left.
You didn't know any spells.
Your spell library was empty.

Dungeon Overview and Level Annotations

Branches:
Dungeon (5/15)             Temple (1/1) D:5

Altars:
Ashenzari
Cheibriados
Fedhas
Hepliaklqana
Kikubaaqudgha
Makhleb
Nemelex Xobeh
Okawaru
Qazlal
Ru
Sif Muna
Trog
Uskayaw
Vehumet
Xom
Yredelemnul
Zin
The Shining One


Innate Abilities, Weirdness & Mutations

You may rarely emit foul miasma when damaged in melee.
You are partially covered in razor-sharp scales. (AC +1, Slay +1)
A meltable shield of frost defends you. (SH +4)


Message History

You closely miss the phantom. The phantom hits you.
The phantom blinks!
You blink.
A centaur zombie comes into view.
You take 3 damage, and have 38/41 hp.
You closely miss the phantom. The phantom barely misses you.
You hit the phantom but do no damage. The phantom hits you.
The phantom blinks!
You blink.
You take 5 damage, and have 34/41 hp.
You hit the centaur zombie.
The centaur zombie is lightly damaged.
The centaur zombie hits you but does no damage.
The centaur zombie misses you. The phantom misses you.
You hit the phantom.
The phantom is lightly damaged.
The centaur zombie barely misses you.
The centaur zombie kicks you but does no damage.
The phantom hits you!
You take 8 damage, and have 26/41 hp.
You hit the phantom.
The phantom is lightly damaged.
The centaur zombie closely misses you. The centaur zombie kicks you.
The centaur zombie hits you. The centaur zombie kicks you.
The phantom hits you but does no damage.
You take 5 damage, and have 21/41 hp.
You completely miss the phantom.
The phantom is lightly damaged.
The centaur zombie misses you. The centaur zombie closely misses you.
You barely miss the phantom.
The phantom is lightly damaged.
The phantom hits you.
* * * LOW HITPOINT WARNING * * *
You emit a cloud of foul miasma!
The centaur zombie hits you.
* * * LOW HITPOINT WARNING * * *
The centaur zombie kicks you but does no damage.
You take 7 damage, and have 14/41 hp.
You closely miss the phantom.
The phantom is lightly damaged.
The phantom closely misses you. The centaur zombie barely misses you.
The centaur zombie kicks you.
* * * LOW HITPOINT WARNING * * *
You take 1 damage, and have 13/41 hp.
You hit the phantom.
The phantom is moderately damaged.
The centaur zombie hits you.
* * * LOW HITPOINT WARNING * * *
The centaur zombie barely misses you. The phantom hits you.
* * * LOW HITPOINT WARNING * * *
You can now pass through a line of other dancers.
You take 6 damage, and have 7/41 hp.
You hit the phantom but do no damage.
The phantom is moderately damaged.
The centaur zombie hits you.
* * * LOW HITPOINT WARNING * * *
You block the centaur zombie's attack. You block the phantom's attack.
The centaur zombie completely misses you.
The centaur zombie kicks you but does no damage.
You take 2 damage, and have 5/41 hp.
You feel yourself speed up. You block the phantom's attack.
The centaur zombie closely misses you. x2
You hit the phantom but do no damage.
The phantom is moderately damaged.
The centaur zombie hits you but does no damage.
The centaur zombie misses you. The phantom hits you.
* * * LOW HITPOINT WARNING * * *
You take 2 damage, and have 3/41 hp.
You puncture the phantom!
The phantom is severely damaged.
You closely miss the phantom.
The phantom is severely damaged.
The centaur zombie closely misses you.
The centaur zombie kicks you but does no damage.
The phantom hits you but does no damage.
You closely miss the phantom.
The phantom is severely damaged.
The centaur zombie closely misses you.
The centaur zombie kicks you but does no damage.
The phantom closely misses you.
You closely miss the phantom.
The phantom is severely damaged.
The centaur zombie hits you but does no damage.
The centaur zombie kicks you but does no damage.
You hit the phantom but do no damage.
The phantom is severely damaged.
The phantom barely misses you. The centaur zombie closely misses you.
The centaur zombie barely misses you.
You hit the phantom but do no damage.
The phantom is severely damaged.
The centaur zombie hits you but does no damage.
The centaur zombie kicks you but does no damage.
You hit the phantom.
The phantom is severely damaged.
The phantom hits you but does no damage.
You closely miss the phantom.
The phantom is severely damaged.
The centaur zombie hits you but does no damage.
The centaur zombie closely misses you.
You barely miss the phantom.
The phantom is severely damaged.
The phantom hits you.
You die...

██... █.... ......
..$..█ █.█.█ ....██
█.█.█ █.█..██ █
...█ █.█...██ █ █
█..█ █....@.███..█
█ █..█
█....ZW.....█ ██
█..█ ██.....███.██
.█████..██████$..██
...........§....██
███.....█████████
█.██.██ █.██.████
█........


You could see a phantom and a centaur zombie.

Vanquished Creatures
  A bullfrog (D:4)
  A jelly (D:5)
  2 hounds
  An orc (D:4)
  A ball python (D:4)
  A goblin (D:4)
7 creatures vanquished.

Notes
Turn   | Place    | Note
-------+----------+-------------------------------------------
     0 | D:5      | Goblin1989 the Demonspawn Delver began the quest for the
                  | Orb.
     0 | D:5      | Reached XP level 1. HP: 18/18 MP: 1/1
     2 | D:4      | Noticed a hound
     9 | D:4      | Killed a hound
    10 | D:4      | Gained mutation: A meltable shield of frost defends you.
                  | (SH +4) [demonic ancestry]
    10 | D:4      | Reached XP level 2. HP: 16/24 MP: 2/2
    10 | D:4      | Reached XP level 3. HP: 20/29 MP: 3/3
   114 | D:4      | Noticed a bullfrog
   114 | D:4      | Noticed a scorpion
   147 | D:5      | Reached skill level 5 in Stealth
   415 | D:5      | Gained mutation: You may rarely emit foul miasma when
                  | damaged in melee. [demonic ancestry]
   415 | D:5      | Reached XP level 4. HP: 22/35 MP: 4/4
   545 | D:5      | Found a staircase to the Ecumenical Temple.
   552 | Temple   | Entered the Ecumenical Temple
   848 | Temple   | Became a worshipper of Uskayaw the Reveller
   910 | D:4      | Reached * piety under Uskayaw
  1008 | D:4      | Reached ** piety under Uskayaw
  1011 | D:4      | Reached *** piety under Uskayaw
  1012 | D:4      | Killed a bullfrog
  1013 | D:4      | Gained mutation: You are partially covered in razor-sharp
                  | scales. (AC +1, Slay +1) [demonic ancestry]
  1013 | D:4      | Reached XP level 5. HP: 17/41 MP: 5/5
  1204 | D:4      | Noticed a phantom
  1234 | D:4      | Slain by a phantom

Illustrated notes

Levels and vault maps discovered:
D:4:      layout_loops_ring, nicolae_overflow_hidden_temple
D:5:      minmay_octagon_keep, layout_layer_cave,
          minmay_temple_entry_statues_pillars
Temple:   dpeg_five_rooms_temple

Skill      XL: |  1  2  3  4 |
---------------+-------------+-----
Short Blades   | 2 3 4 |  4.1
Stealth        | 5 |  5.4
Fighting       | |  3.0
Dodging        | |  1.7

Action                   |  1- 3 |  4- 6 || total
-------------------------+-------+-------++-------
Melee: Short sword       |    36 |    41 ||    77
  Use: Potion            |       |     1 ||     1
 Stab: Sleeping          |     1 |     1 ||     2
       Paralysed         |       |     1 ||     1
Armor: Leather armour    |     8 |    18 ||    26
Dodge: Dodged            |    22 |    29 ||    51
Block: Other             |     3 |     5 ||     8

Table legend: (Time is in decaauts)
 A = Elapsed time spent in this place.
 B = Non-inter-level travel time spent in this place.
 C = Inter-level travel time spent in this place.
 D = Time resting spent in this place.
 E = Time spent auto-exploring this place.
 F = Levels seen in this place.
 G = Mean time per level.
                   A        B        C        D        E       F      G
               +--------+--------+--------+--------+--------+-----+--------+
         Total |   1227 |   1144 |     83 |    608 |    326 |   3 |  409.0 |
       Dungeon |    880 |    880 |      0 |    608 |     78 |   2 |  440.0 |
        Temple |    347 |    264 |     83 |      0 |    248 |   1 |  347.0 |
               +--------+--------+--------+--------+--------+-----+--------+

Top non-repeatable levels by time:
     D:4: 452 daAuts
     D:5: 428 daAuts
  Temple: 347 daAuts
